 Dungeon Crawl Stone Soup version 0.21.1-1-g345015f (webtiles) character file.

2266 prawnwizard the Basher (level 9, -2/133 HPs)
             Began as a Troll Berserker on July 10, 2018.
             Was an Elder of Trog.
             Slain by KappaVara's ghost (38 damage)
             ... on level 8 of the Dungeon.
             The game lasted 00:08:35 (6378 turns).

prawnwizard the Basher (Troll Berserker)            Turns: 6378, Time: 00:08:36

Health: -2/133     AC: 14    Str: 32    XL:     9   Next: 16%
Magic:  8/8        EV: 11    Int:  8    God:    Trog [****..]
Gold:   314        SH:  0    Dex: 12    Spells: 8/8 levels left

rFire    . . .     SeeInvis .   o - +2 flail (protect)
rCold    . . .     Gourm    +   (no shield)
rNeg     . . .     Faith    .   b - +0 animal skin
rPois    .         Spirit   .   (helmet restricted)
rElec    .         Reflect  .   y - +1 cloak
rCorr    .         Harm     +   (gloves unavailable)
MR       .....                  (boots unavailable)
Stlth    ..........             t - amulet of harm
HPRegen  0.72/turn              p - ring of stealth
MPRegen  0.11/turn              s - +5 ring of intelligence

@: berserking, protection aura, very quick
A: large, unfitting armour, claws 3, fast metabolism 3, gourmand, regeneration
1, shaggy fur 1, tough skin 2
a: Berserk, Trog's Hand, Brothers in Arms, Burn Spellbooks, Renounce Religion


You were on level 8 of the Dungeon.
You worshipped Trog.
Trog was greatly pleased with you.
You were very full.

You visited 1 branch of the dungeon, and saw 8 of its levels.

You collected 314 gold pieces.

Inventory:

Hand Weapons
 o - a +2 flail of protection (weapon)
Armour
 b - a +0 animal skin (worn)
 y - a +1 cloak (worn)
Jewellery
 p - a ring of stealth (left claw)
 s - a +5 ring of intelligence (right claw)
 t - an amulet of harm (around neck)
 B - an uncursed amulet of regeneration {unknown}
Wands
 u - a wand of flame (26)
 x - a wand of enslavement (12)
 A - a wand of disintegration (19)
Scrolls
 e - a scroll of random uselessness {unknown}
 f - 2 scrolls of remove curse {unknown}
 g - 9 scrolls of identify {unknown}
 k - 2 scrolls of enchant armour {unknown}
 l - 3 scrolls of magic mapping {unknown}
 m - a scroll of blinking {unknown}
 n - 3 scrolls of teleportation {unknown}
 v - a scroll of immolation {unknown}
 w - a scroll of noise {unknown}
Potions
 a - a potion of curing {unknown}
 d - 2 potions of might {unknown}
 h - 3 potions of cancellation {unknown}
 i - a potion of haste {unknown}
 j - a potion of agility {unknown}
 q - a potion of ambrosia {unknown}
Books
 r - a book of Frost

   Spells                             Type                      Level
   a - Freeze                         Ice                          1
   b - Throw Frost                    Conjuration/Ice              2
   c - Ozocubu's Armour               Charms/Ice                   3
   d - Throw Icicle                   Conjuration/Ice              4
   e - Summon Ice Beast               Ice/Summoning                4
   Trog disapproves of the use of such an item.
Comestibles
 c - 10 rations
 z - 3 chunks of flesh


   Skills:
 + Level 6.2 Fighting
 * Level 9.3 Maces & Flails
 + Level 3.4 Dodging


You had 8 spell levels left.
You didn't know any spells.

Dungeon Overview and Level Annotations

Branches:
Dungeon (8/15)             Temple (0/1) D:7
   Lair: D:8-11

Altars:
Cheibriados
Dithmenos
Makhleb
Nemelex Xobeh
Ru
Sif Muna
Trog
Uskayaw
Vehumet
Wu Jian

Annotations:
D:8 KappaVara's ghost, novice TrMo


Innate Abilities, Weirdness & Mutations

You are too large for most types of armour.
You have claws for hands.
Your metabolism is lightning-fast.
You like to eat raw meat.
Your natural rate of healing is unusually fast.
You are covered in fur. (AC +1)
You have very tough skin. (AC +2)


Message History

You closely miss KappaVara's ghost. KappaVara's ghost hits you.
You sock KappaVara's ghost!
Your weapon exudes an aura of protection.
KappaVara's ghost is lightly damaged.
KappaVara's ghost hits you.
You hit KappaVara's ghost but do no damage.
KappaVara's ghost is lightly damaged.
KappaVara's ghost closely misses you.
A red film seems to cover your vision as you go berserk!
You feel yourself moving faster!
You feel mighty! KappaVara's ghost hits you!
You sock KappaVara's ghost!
KappaVara's ghost is moderately damaged.
You closely miss KappaVara's ghost.
KappaVara's ghost is moderately damaged.
KappaVara's ghost hits you!
* * * LOW HITPOINT WARNING * * *
You hit KappaVara's ghost but do no damage.
KappaVara's ghost is moderately damaged.
KappaVara's ghost hits you!!
You die...

#.##.........#
#..#.###.###.#
#.#.# #.# #.#
#...###'###.#
##....'_###.#
#..###'###.#
#..# #.# #.#
#.(###.###.#
#......W@..#
##.####.#.##
#.## #...#
#..# ###.#
##.# #.# #.##
#.# #..####.##
##........
#..###.##


You could see KappaVara's ghost.

Vanquished Creatures
  The ghost of prawnwizard the Ruffian, an amateur TrFi (D:5)
  Duvessa (D:4)
  A black bear (D:8)
  An orc warrior (D:7)
  2 sky beasts (D:6)
  3 centaurs
  Blork the orc (D:6)
  A big kobold (D:8)
  2 bullfrogs
  A wyvern zombie (D:8)
  2 scorpions
  Dowan (D:4)
  2 crimson imps (D:6)
  2 hounds
  6 orc priests
  5 orc wizards
  Crazy Yiuf (D:7)
  An iguana (D:8)
  4 worker ants
  A howler monkey zombie (D:5)
  A howler monkey skeleton (D:4)
  11 adders
  2 oozes (D:1)
  2 adder skeletons
  2 worms
  2 dart slugs (D:2)
  4 leopard geckos
  27 orcs
  6 giant cockroaches
  9 goblins
  8 hobgoblins
  8 jackals
  2 quokkas
  3 bats
  3 frilled lizards
  2 jackal skeletons
  15 kobolds
  A quokka skeleton (D:5)
  A quokka zombie (D:5)
  17 rats
165 creatures vanquished.

Vanquished Creatures (others)
  A fungus (D:8)
  A plant (D:8)
2 creatures vanquished.

Grand Total: 167 creatures vanquished

Notes
Turn   | Place    | Note
-------+----------+-------------------------------------------
     0 | D:1      | prawnwizard the Troll Berserker began the quest for the Orb.
     0 | D:1      | Reached XP level 1. HP: 22/22 MP: 0/0
    40 | D:1      | Reached skill level 3 in Maces & Flails
    49 | D:1      | Reached XP level 2. HP: 24/29 MP: 1/1
   240 | D:1      | Reached ** piety under Trog
   298 | D:1      | Reached XP level 3. HP: 34/36 MP: 2/2
   771 | D:2      | Found a snail-covered altar of Cheibriados.
   812 | D:2      | Found a sacrificial altar of Ru.
   832 | D:2      | Reached skill level 4 in Maces & Flails
   832 | D:2      | Reached XP level 4. HP: 13/45 MP: 3/3
  1911 | D:3      | Reached XP level 5. HP: 53/53 MP: 4/4
  1919 | D:3      | You fall through a shaft!
  2379 | D:4      | Reached skill level 5 in Maces & Flails
  2578 | D:4      | Noticed Duvessa
  2578 | D:4      | Noticed Dowan
  2591 | D:4      | Killed Dowan
  2594 | D:4      | HP: 3/81 [Duvessa/short sword (3)]
  2598 | D:4      | Killed Duvessa
  2598 | D:4      | Reached XP level 6. HP: 5/62 MP: 5/5
  2600 | D:4      | Reached *** piety under Trog
  3089 | D:4      | Found a radiant altar of Vehumet.
  3124 | D:4      | Found a deep blue altar of Sif Muna.
  3375 | D:5      | Entered Level 5 of the Dungeon
  3395 | D:5      | Reached skill level 6 in Maces & Flails
  3405 | D:5      | Reached XP level 7. HP: 58/70 MP: 6/6
  3518 | D:5      | Found a shadowy altar of Dithmenos.
  3949 | D:5      | Noticed prawnwizard's ghost (amateur TrFi)
  3968 | D:5      | Killed prawnwizard's ghost
  3968 | D:5      | Reached skill level 7 in Maces & Flails
  4258 | D:5      | Found a sparkling altar of Nemelex Xobeh.
  4613 | D:6      | Reached skill level 5 in Fighting
  4788 | D:6      | Reached XP level 8. HP: 80/80 MP: 7/7
  4915 | D:6      | Noticed Blork the orc
  4921 | D:6      | Killed Blork the orc
  4923 | D:6      | Reached skill level 8 in Maces & Flails
  5238 | D:7      | Noticed a dagger
  5238 | D:7      | Noticed a dagger
  5239 | D:7      | Found a hide-covered altar of Uskayaw.
  5379 | D:7      | Reached **** piety under Trog
  5417 | D:7      | Found a runed door.
  5482 | D:7      | Found a staircase to the Ecumenical Temple.
  5860 | D:7      | Found a burning altar of Makhleb.
  5983 | D:7      | Found an ornate altar of the Wu Jian Council.
  6047 | D:7      | Noticed Crazy Yiuf
  6053 | D:7      | Killed Crazy Yiuf
  6192 | D:8      | Reached skill level 9 in Maces & Flails
  6206 | D:8      | Reached XP level 9. HP: 89/89 MP: 8/8
  6343 | D:8      | Found a bloodstained altar of Trog.
  6343 | D:8      | Noticed KappaVara's ghost (novice TrMo)
  6378 | D:8      | Slain by KappaVara's ghost

Skill      XL: |  1  2  3  4  5  6  7  8 |
---------------+-------------------------+-----
Maces & Flails | 3 4 5 6 7 9 |  9.3
Fighting       | 3 4 5 6 |  6.2
Dodging        | 3 |  3.4

Action                   |  1- 3 |  4- 6 |  7- 9 || total
-------------------------+-------+-------+-------++-------
Melee: Mace              |   129 |   105 |       ||   234
       Flail             |       |    67 |   262 ||   329
Invok: Berserk           |       |     2 |     4 ||     6
       Trog's Hand       |       |       |     1 ||     1
 Stab: Paralysed         |     2 |       |       ||     2
       Sleeping          |     1 |     1 |     4 ||     6
       Distracted        |       |       |     1 ||     1
  Eat: Chunk             |    13 |    25 |    32 ||    70
Armor: Animal skin       |    72 |    85 |   147 ||   304
Dodge: Dodged            |    80 |   125 |   158 ||   363
